Map: At Eternity's Edge LE

Players

liquidclem (Clem)

  • Race: Terran Terran
  • League: Grandmaster
  • Spawn Location: 11:00

Serral - Winner!

  • Race: Zerg Zerg
  • League: Master
  • Spawn Location: 5:00

Event: HomeStory Cup XXIX

VOD

Have the link to the VOD?

Description

Time

  • Played on: July 5, 2026, 5:42 p.m.
  • Length: 22:02

All games in this series

Show
View Real Time Build Order
Export as new Build Order

liquidclem Terran 

Build Orders: Reaper Expand, Hellion Banshee 

Get SALT Encoding   

  8  0:00  SCV  
  9  0:12  SCV  
  10  0:24  SCV  
  10  0:28  Supply Depot  
  11  0:36  SCV  
  12  0:48  SCV  
  13  0:53  Barracks  
  13  1:00  SCV  
  14  1:05  Refinery  
  14  1:13  SCV  
  15  1:25  SCV  
  16  1:40  Orbital Command  
  16  1:48  Reaper  
  17  2:05  Command Center  
  17  2:08  SCV  
  18  2:20  SCV  
  18  2:21  Marine  
  20  2:24  Supply Depot  
  20  2:33  SCV  
  20  2:36  Factory  
  21  2:42  Barracks Reactor  
  21  2:46  SCV  
  21  2:50  Refinery  
  22  2:58  SCV  
  23  3:10  SCV  
  24  3:19  Orbital Command  
  24  3:22  Starport  
  24  3:23  SCV  
  25  3:29  Hellion  
  25  3:30  Hellion  
  29  3:35  SCV, Barracks Tech Lab  
  30  3:45  SCV  
  30  3:47  SCV  
  32  3:50  Hellion  
  32  3:51  Hellion  
  36  3:58  SCV  
  36  4:02  SCV  
  38  4:04  Supply Depot  
  38  4:07  Banshee  
  41  4:10  SCV  
  41  4:11  Cloaking Field  
  42  4:24  Supply Depot  
  42  4:25  SCV x2  
  42  4:26  Hellion  
  42  4:28  Hellion  
  42  4:30  Barracks Tech Lab  
  48  4:37  SCV x2  
  50  4:50  SCV x2  
  50  4:51  Banshee  
  53  4:53  Supply Depot  
  53  4:55  Marine  
  54  5:02  SCV x2  
  56  5:08  Factory Reactor, Command Center  
  56  5:13  Barracks  
  56  5:14  SCV x2  
  58  5:18  Supply Depot  
  58  5:21  Marine  
  58  5:23  Barracks  
  58  5:26  SCV  
  58  5:28  Stimpack  
  60  5:29  SCV  
  60  5:38  SCV  
  60  5:39  Marine  
  60  5:41  SCV  
  62  5:52  Supply Depot, Starport Reactor  
  62  5:53  SCV  
  64  5:57  SCV, Marine  
  64  6:01  Marine  
  66  6:06  SCV  
  66  6:09  SCV  
  68  6:13  Marine  
  68  6:17  Siege Tank  
  68  6:18  SCV  
  70  6:20  SCV  
  70  6:21  SCV  
  70  6:22  Refinery  
  70  6:25  Marine  
  69  6:27  Marine  
  69  6:29  Marine  
  69  6:30  SCV  
  74  6:32  Medivac  
  74  6:33  Medivac, Marine x2, SCV  
  74  6:36  Orbital Command  
  74  6:38  Refinery  
  80  6:41  Supply Depot  
  80  6:42  SCV  
  80  6:45  Marine, SCV  
  83  6:53  Marine x3  
  83  6:54  Siege Tank, SCV  
  86  6:56  Orbital Command  
  86  6:57  Marine, SCV  
  86  6:58  Supply Depot  
  89  7:03  Marine  
  89  7:06  Armory, SCV  
  91  7:10  Engineering Bay  
  91  7:11  Engineering Bay, Marine  
  91  7:13  Marine  
  91  7:14  Marine x2  
  95  7:19  SCV  
  95  7:21  Marine, SCV  
  95  7:22  SCV  
  96  7:29  Marine, Barracks  
  97  7:30  Barracks  
  97  7:31  SCV  
  97  7:33  SCV  
  97  7:34  Siege Tank  
  97  7:35  Marine  
  103  7:37  Marine  
  103  7:38  Marine  
  103  7:40  SCV  
  103  7:41  Medivac  
  103  7:42  Medivac  
  110  7:46  Marine  
  110  7:47  Supply Depot  
  111  7:52  Supply Depot  
  111  7:54  Terran Infantry Weapons Level 1  
  111  7:55  Terran Infantry Armor Level 1  
  111  7:59  SCV  
  111  8:03  Marine, SCV  
  111  8:04  Marine x2, SCV  
  105  8:08  Marine  
  105  8:11  Siege Tank, SCV  
  101  8:13  Marine  
  101  8:14  Supply Depot  
  101  8:15  SCV  
  101  8:16  SCV  
  101  8:17  Medivac  
  104  8:20  Barracks Reactor x2  
  104  8:21  Marine  
  104  8:22  Medivac  
  104  8:24  SCV  
  108  8:28  SCV x2  
  108  8:32  Marine  
  108  8:33  Marine  
  112  8:34  Marine, Supply Depot  
  112  8:35  Marine  
  112  8:36  SCV  
  112  8:39  Marine  
  112  8:40  SCV  
  117  8:41  Supply Depot  
  117  8:42  SCV  
  117  8:47  Factory  
  117  8:48  SCV  
  119  8:50  Marine  
  119  8:52  SCV  
  119  8:54  Marine x2, Siege Tank  
  119  8:55  SCV  
  127  8:58  Marine  
  127  8:59  Supply Depot  
  127  9:00  SCV  
  127  9:01  Marine x3  
  132  9:02  Marine  
  132  9:07  SCV  
  132  9:08  Marine, Supply Depot  
  136  9:10  Medivac x2  
  136  9:11  Marine  
  136  9:13  Combat Shield  
  136  9:14  Marine x2  
  136  9:16  Refinery  
  142  9:18  Supply Depot  
  142  9:19  Marine x2  
  142  9:21  Marine x3  
  147  9:25  Marine  
  147  9:28  Drilling Claws  
  147  9:29  Widow Mine  
  147  9:30  Supply Depot  
  150  9:37  Marine x2  
  152  9:39  Factory Reactor  
  152  9:40  Command Center, Medivac  
  152  9:41  Marine  
  155  9:47  Marine  
  155  9:51  Widow Mine, Marine  
  155  9:52  Marine x3, Marauder  
  162  9:54  Medivac  
  162  9:55  Marine  
  162  9:59  Marine x2  
  156  10:00  SCV  
  156  10:02  SCV  
  156  10:07  SCV, Marine  
  127  10:11  Marine  
  127  10:12  Marine x3, Widow Mine  
  127  10:13  Terran Infantry Weapons Level 2  
  127  10:14  Terran Infantry Armor Level 2  
  130  10:15  Marine  
  130  10:17  Widow Mine  
  130  10:20  Marine, Widow Mine  
  136  10:21  Marine  
  136  10:25  Marine  
  136  10:28  Barracks  
  136  10:30  Marine  
  136  10:31  Barracks  
  136  10:33  Barracks  
  136  10:34  Widow Mine  
  139  10:37  Marine  
  139  10:38  Widow Mine  
  139  10:41  Widow Mine  
  139  10:42  Liberator x2  
  147  10:43  Marine x2  
  147  10:44  Marine  
  147  10:46  Marine  
  154  10:51  SCV  
  154  10:52  Marine  
  154  10:54  Marine x2, SCV  
  154  10:55  Widow Mine, Marine  
  162  10:57  Marine  
  162  11:00  Widow Mine  
  162  11:03  Widow Mine  
  167  11:04  Marine x2  
  167  11:05  Marine  
  167  11:09  SCV  
  171  11:13  Marine x2, SCV  
  171  11:15  Supply Depot  
  171  11:16  Marauder  
  171  11:17  Widow Mine  
  177  11:21  Widow Mine  
  177  11:24  Widow Mine  
  177  11:25  Medivac  
  176  11:29  Marine x4  
  176  11:30  Barracks Tech Lab x2  
  166  11:37  Marauder  
  166  11:38  Widow Mine  
  168  11:40  SCV  
  168  11:43  Widow Mine, Planetary Fortress, Missile Turret  
  168  11:46  Widow Mine, Barracks Tech Lab, Marine x2  
  175  11:49  Medivac  
  175  11:53  SCV  
  175  11:54  Marine x2  
  175  11:55  Marauder x2, Marine, Concussive Shells  
  175  11:57  Marine x2  
  175  11:59  Marauder, Widow Mine  
  188  12:01  Liberator  
  188  12:03  Refinery  
  188  12:04  Widow Mine  
  188  12:06  SCV  
  190  12:10  Marauder  
  190  12:11  Widow Mine  
  190  12:13  SCV  
  190  12:16  Marauder x2  
  190  12:19  SCV  
  190  12:20  Marauder  
  190  12:21  Widow Mine  
  183  12:24  Marine  
  183  12:25  Widow Mine  
  183  12:26  Medivac  
  183  12:28  SCV  
  184  12:32  Marauder, Widow Mine  
  184  12:33  Terran Infantry Weapons Level 3  
  184  12:35  SCV  
  189  12:37  Marauder  
  189  12:40  Marauder  
  189  12:43  Marauder  
  186  12:46  Medivac  
  186  12:47  Marine, Widow Mine  
  186  12:51  Marine x5  
  182  12:53  Marauder  
  182  12:56  Liberator  
  192  12:59  Marauder  
  192  13:01  Refinery  
  192  13:02  Marauder  
  192  13:05  SCV x2  
  194  13:06  SCV  
  194  13:07  SCV  
  171  13:14  Marine x2  
  171  13:15  Marine  
  171  13:17  SCV x2  
  171  13:18  SCV  
  171  13:19  SCV  
  176  13:20  Refinery  
  176  13:23  Terran Infantry Armor Level 3, Marine  
  175  13:27  Marauder  
  175  13:29  SCV  
  175  13:32  Medivac  
  175  13:33  Marine x2, Widow Mine  
  175  13:34  Marine  
  177  13:36  Marine x3  
  177  13:38  Marauder  
  177  13:42  Marauder  
  177  13:45  Widow Mine, Marine  
  177  13:46  Marine x2  
  184  13:50  SCV  
  187  13:55  Marauder  
  187  13:56  Marine  
  187  13:59  Missile Turret, Marine  
  187  14:00  Marauder  
  182  14:03  SCV  
  182  14:04  Marauder x2, Orbital Command  
  186  14:10  Widow Mine  
  186  14:17  Marauder, Marine  
  180  14:18  Marine  
  180  14:21  Marauder  
  180  14:22  Marine x2, Widow Mine  
  186  14:26  Marine x2, Marauder  
  186  14:27  Marauder  
  186  14:28  SCV x2  
  186  14:30  Widow Mine  
  123  14:31  Medivac  
  196  14:33  Marine  
  196  14:36  Widow Mine  
  196  14:37  Liberator  
  196  14:38  Marauder  
  195  14:39  Marine  
  195  14:42  Marauder  
  198  14:48  Marauder x2  
  198  14:50  Widow Mine  
  191  14:54  Marine x2  
  191  14:55  Widow Mine  
  191  14:58  Widow Mine, Marine  
  191  14:59  Marine  
  199  15:01  Marine  
  199  15:04  Marauder  
  199  15:06  Marauder, Marine  
  191  15:09  Medivac, Marine x2  
  191  15:10  Marauder  
  191  15:11  Widow Mine  
  191  15:12  Marauder, Marine x2  
  191  15:13  Orbital Command  
  170  15:16  Widow Mine  
  170  15:19  SCV  
  170  15:23  Marine  
  170  15:25  Marauder  
  170  15:26  Widow Mine  
  170  15:27  Medivac  
  174  15:30  SCV  
  174  15:33  Widow Mine  
  174  15:34  SCV  
  153  15:36  SCV  
  153  15:39  Medivac, Marine x2, Widow Mine  
  153  15:41  Marine  
  153  15:42  SCV x2  
  162  15:43  Marine  
  162  15:46  SCV  
  158  15:50  Widow Mine, Marine x3  
  158  15:51  Marauder  
  158  15:54  Marauder x2  
  158  15:55  Marine  
  164  16:01  Marauder  
  146  16:06  Marine  
  146  16:08  Marine x3  
  146  16:11  Marine x2  
  144  16:12  Orbital Command  
  144  16:13  Marauder, SCV  
  144  16:15  Marauder  
  144  16:16  Medivac  
  144  16:17  Widow Mine  
  144  16:18  Marine x2  
  152  16:25  Liberator  
  152  16:27  SCV  
  152  16:28  SCV, Marine  
  152  16:29  Marauder  
  152  16:31  SCV  
  149  16:40  SCV x3  
  149  16:43  Marine, Marauder x2  
  149  16:45  Marine  
  154  16:47  Marine  
  154  16:52  Widow Mine, Marine x2  
  154  16:53  SCV  
  154  16:54  SCV  
  161  16:56  Marauder  
  161  16:58  Marauder, Marine  
  166  17:03  SCV, Marine  
  166  17:04  SCV  
  166  17:06  SCV x2  
  166  17:07  Marine, Marauder  
  168  17:13  Marauder  
  168  17:15  SCV  
  168  17:16  SCV  
  168  17:18  Medivac  
  168  17:19  Widow Mine, Marine  
  168  17:21  SCV  
  160  17:23  Marine  
  160  17:25  Marauder  
  160  17:29  Marauder x2  
  165  17:34  Widow Mine  
  165  17:36  Marine, Marauder  
  168  17:41  Widow Mine, Medivac  
  170  17:46  Widow Mine, Marauder  
  170  17:47  Marine  
  170  17:48  Liberator  
  170  17:51  Marauder  
  180  17:52  Marine  
  180  17:53  Marine  
  180  17:56  Marine x2, Marauder  
  180  17:58  Marine  
  184  18:00  SCV  
  184  18:02  Widow Mine  
  184  18:04  Marauder  
  186  18:10  Command Center  
  186  18:11  Medivac  
  186  18:12  Widow Mine  
  183  18:13  Marauder, Marine  
  183  18:17  Marine, Widow Mine  
  183  18:18  Marauder  
  186  18:27  Marauder  
  186  18:30  Widow Mine, Marine  
  186  18:31  Medivac  
  189  18:36  Marauder x2  
  189  18:38  Marine  
  189  18:39  Marauder  
  196  18:41  Medivac  
  196  18:45  Widow Mine  
  200  18:50  Refinery  
  200  18:51  Refinery  
  199  19:01  Medivac, Widow Mine  
  199  19:02  Marine  
  200  19:06  Marine, Marauder  
  199  19:11  Marauder  
  199  19:16  Medivac  
  185  19:19  Orbital Command  
  179  19:26  Marine, SCV  
  179  19:28  Orbital Command  
  179  19:29  Marine, SCV  
  174  19:31  Medivac  
  174  19:32  Marine x2, Widow Mine, SCV  
  174  19:37  Marine x2  
  183  19:46  Marine  
  183  19:47  SCV  
  183  19:48  SCV  
  183  19:50  SCV  
  183  19:52  Widow Mine  
  167  19:54  Medivac, Marine x3  
  167  19:55  Marine x6  
  167  19:56  Widow Mine  
  167  19:59  SCV  
  154  20:01  Medivac  
  154  20:03  Marine  
  154  20:04  SCV, Marine  
  155  20:07  Marine  
  155  20:10  Widow Mine  
  155  20:12  Marine x2  
  155  20:13  Marauder x4  
  164  20:18  Marine  
  164  20:21  Marine x2  
  157  20:27  Marine x2, Widow Mine  
  159  20:29  Orbital Command  
  159  20:30  Widow Mine  
  159  20:31  Medivac  
  159  20:34  Marine x2, Marauder x4  
  159  20:38  Widow Mine  
  152  20:56  Marauder x3  
  152  20:57  Marine, Marauder  
  160  21:00  Marine  
  162  21:05  Marine  
  165  21:11  Widow Mine  
  165  21:18  Widow Mine  
  165  21:20  Marine  
  165  21:25  Marauder x2  
  165  21:29  Widow Mine, Marauder  
  165  21:32  Marauder  
  144  21:42  Marine  
Show
View Real Time Build Order
Export as new Build Order

Serral Zerg - Winner!

Build Orders: Pool First 

Get SALT Encoding   

  8  0:00  Drone  
  9  0:10  Drone  
  10  0:17  Drone  
  11  0:27  Overlord  
  11  0:33  Drone  
  12  0:45  Drone x2  
  14  0:50  Drone  
  15  1:00  Drone  
  16  1:06  Spawning Pool  
  16  1:11  Drone  
  16  1:19  Drone  
  17  1:34  Hatchery  
  17  1:37  Drone  
  17  1:40  Drone  
  17  1:41  Extractor  
  17  1:53  Queen  
  19  1:58  Drone  
  20  2:02  Overlord  
  20  2:09  Extractor, Drone  
  21  2:20  Zergling x2  
  22  2:28  Queen  
  24  2:30  Drone  
  25  2:39  Drone  
  25  2:43  Metabolic Boost  
  26  2:46  Drone  
  26  2:49  Queen  
  29  2:54  Drone  
  30  3:00  Spore Crawler  
  30  3:03  Drone  
  30  3:04  Drone  
  32  3:07  Overlord  
  32  3:15  Extractor x2  
  32  3:16  Drone x2  
  34  3:33  Overlord, Hatchery  
  34  3:34  Drone x2  
  34  3:42  Zergling x2  
  34  3:43  Drone  
  34  3:44  Overlord  
  36  3:50  Drone x2  
  36  3:55  Queen  
  40  4:03  Drone x4  
  40  4:08  Drone  
  40  4:09  Drone x2  
  47  4:14  Overlord  
  47  4:19  Queen  
  49  4:25  Zergling x6  
  49  4:28  Zergling x2  
  49  4:29  Zergling x2  
  54  4:35  Zergling x4  
  56  4:43  Overlord  
  56  4:44  Drone  
  56  4:45  Drone x2  
  59  4:51  Drone  
  58  4:53  Lair  
  58  4:54  Zergling x2  
  58  4:55  Drone x2  
  58  4:56  Drone x2  
  63  5:00  Queen  
  63  5:04  Overlord  
  65  5:09  Overlord  
  65  5:10  Zergling x2  
  65  5:12  Spore Crawler  
  65  5:15  Spore Crawler  
  65  5:16  Zergling x4  
  65  5:19  Drone  
  67  5:22  Zergling x6  
  67  5:26  Overlord  
  70  5:31  Drone x4  
  70  5:33  Drone x2  
  75  5:36  Spore Crawler, Drone  
  75  5:38  Drone  
  75  5:42  Spore Crawler, Drone x2  
  73  5:43  Drone  
  73  5:49  Drone  
  77  5:50  Drone  
  77  5:51  Overseer  
  77  5:54  Baneling Nest  
  77  5:55  Extractor x2, Drone x3  
  77  5:56  Drone  
  76  6:03  Drone x3  
  79  6:08  Zergling x4  
  79  6:10  Drone  
  79  6:14  Queen x2  
  80  6:20  Zergling x2  
  80  6:22  Drone  
  80  6:23  Drone  
  80  6:25  Zergling x6  
  84  6:29  Drone x4  
  84  6:30  Drone  
  89  6:33  Drone x2  
  89  6:35  Drone, Evolution Chamber  
  89  6:36  Evolution Chamber  
  88  6:42  Centrifugal Hooks  
  88  6:45  Extractor, Drone x4  
  91  6:50  Drone x2  
  91  6:52  Drone x2  
  91  6:53  Queen  
  96  6:54  Hatchery  
  96  6:57  Overlord  
  95  7:04  Drone  
  95  7:05  Drone, Zerg Melee Weapons Level 1  
  95  7:06  Zerg Ground Armor Level 1  
  97  7:10  Drone  
  97  7:13  Overlord  
  97  7:14  Drone x2, Extractor  
  97  7:15  Hatchery  
  98  7:19  Zergling x4  
  100  7:22  Overlord  
  100  7:29  Overlord x2  
  100  7:30  Infestation Pit  
  100  7:31  Zergling x6  
  100  7:32  Baneling x7  
  100  7:33  Baneling  
  100  7:37  Zergling x8  
  105  7:39  Zergling x2  
  105  7:40  Zergling x2  
  105  7:42  Baneling x5  
  107  7:45  Zergling x2  
  107  7:46  Zergling x10  
  107  7:49  Baneling x3  
  107  7:50  Overlord  
  113  7:53  Zergling x2  
  113  7:56  Baneling x2  
  113  7:57  Zergling x8  
  118  8:01  Overlord  
  118  8:05  Zergling x4  
  115  8:08  Baneling x4  
  115  8:09  Infestor, Zergling x2  
  115  8:10  Zergling x6  
  119  8:14  Hive  
  119  8:17  Zergling x6  
  119  8:19  Zergling x2  
  122  8:20  Zergling x4  
  122  8:22  Zergling x4  
  125  8:28  Zergling x4  
  125  8:29  Zergling x2  
  128  8:36  Overlord  
  128  8:38  Baneling x7  
  128  8:39  Baneling x2, Pneumatized Carapace  
  128  8:41  Drone  
  128  8:42  Drone x9  
  128  8:48  Drone x2  
  140  8:51  Overseer  
  140  8:54  Zergling x14  
  147  8:59  Spore Crawler  
  147  9:01  Zergling x4  
  148  9:07  Overlord x2  
  148  9:08  Overlord x3  
  148  9:09  Zerg Melee Weapons Level 2, Zerg Ground Armor Level 2  
  148  9:11  Overlord  
  148  9:16  Overlord  
  148  9:18  Baneling  
  148  9:19  Baneling x2  
  148  9:23  Overlord x2  
  148  9:24  Extractor  
  147  9:27  Drone  
  147  9:28  Zergling x24  
  160  9:32  Overseer, Baneling x2  
  160  9:37  Baneling x5  
  160  9:40  Baneling  
  160  9:41  Baneling x3  
  160  9:43  Zergling x2  
  160  9:44  Zergling x26  
  172  9:50  Zergling x2  
  172  9:51  Zergling x14  
  167  9:57  Zergling x10  
  163  10:06  Zergling x6, Hatchery  
  144  10:09  Infestor, Zergling x8  
  150  10:16  Burrow  
  150  10:17  Adrenal Glands  
  150  10:21  Infestor, Zergling x2  
  149  10:22  Zergling x6  
  149  10:23  Baneling  
  149  10:24  Baneling x2  
  149  10:26  Zergling x8  
  158  10:30  Zergling x2  
  158  10:31  Zergling x2  
  158  10:35  Hatchery, Baneling x7  
  159  10:48  Queen, Ultralisk Cavern  
  159  10:49  Zergling x18  
  167  10:56  Drone x3  
  170  10:58  Zergling x6  
  173  11:05  Baneling x4, Overseer  
  173  11:07  Drone x2  
  173  11:08  Zergling x8  
  180  11:13  Zergling x2  
  180  11:14  Zergling x4  
  171  11:26  Drone x4  
  171  11:28  Hatchery  
  171  11:30  Zerg Melee Weapons Level 3, Zerg Ground Armor Level 3  
  172  11:33  Zergling x16  
  172  11:35  Queen  
  172  11:38  Drone x2  
  182  11:40  Spire  
  182  11:41  Queen x3, Extractor  
  182  11:42  Extractor  
  182  11:44  Spore Crawler  
  184  11:49  Zergling x2  
  184  11:50  Zergling x20  
  194  11:56  Queen  
  196  12:01  Baneling x7  
  196  12:10  Drone x3  
  196  12:11  Queen  
  196  12:15  Zergling x20, Hatchery  
  190  12:23  Zergling x12  
  190  12:24  Zergling x6  
  196  12:33  Baneling x4  
  196  12:34  Baneling x2  
  196  12:35  Baneling x2  
  196  12:42  Zergling x14  
  196  12:47  Baneling x8  
  186  12:56  Zerg Flyer Weapons Level 1  
  179  12:58  Drone x2  
  179  12:59  Zergling x2, Ultralisk  
  179  13:04  Zergling x2, Ultralisk  
  179  13:05  Zergling x16  
  200  13:11  Zergling x10  
  200  13:12  Zergling x6  
  175  13:17  Corruptor x4  
  180  13:27  Corruptor x2  
  180  13:28  Zergling x6  
  180  13:32  Zergling x14  
  184  13:36  Corruptor, Zergling x2  
  184  13:39  Zergling x2  
  184  13:41  Baneling x3  
  183  13:44  Infestor, Baneling  
  183  13:45  Baneling, Infestor, Zergling x8  
  191  13:52  Ultralisk  
  191  13:53  Overseer  
  197  14:01  Hatchery  
  184  14:04  Ultralisk, Zergling x18  
  196  14:15  Zergling x2  
  196  14:16  Zergling x14  
  198  14:19  Zergling x4  
  197  14:27  Hatchery  
  197  14:30  Zergling x4  
  198  14:32  Hatchery  
  198  14:34  Zergling x18  
  198  14:37  Baneling x3  
  199  14:43  Zergling x2  
  199  14:46  Baneling x5  
  194  14:53  Ultralisk  
  195  15:08  Ultralisk  
  188  15:16  Infestor  
  188  15:17  Zergling x14  
  188  15:19  Zergling x6  
  200  15:25  Zergling x20  
  188  15:33  Ultralisk, Zergling x10  
  183  15:40  Baneling x4  
  180  15:44  Ultralisk x2, Zergling x12  
  191  15:51  Baneling x2  
  187  16:03  Ultralisk x2, Zergling x20  
  191  16:15  Corruptor x2  
  191  16:16  Corruptor, Zergling x6  
  200  16:22  Spore Crawler  
  198  16:27  Baneling x6  
  194  16:35  Zergling x6, Ultralisk  
  198  16:45  Drone x2  
  199  16:52  Zergling x2  
  199  16:57  Baneling x3  
  199  16:58  Baneling  
  199  16:59  Hatchery  
  197  17:05  Zergling x6  
  197  17:06  Zergling x8  
  196  17:13  Zergling x10  
  196  17:14  Zergling x4  
  200  17:19  Hatchery  
  190  17:24  Zergling x20  
  198  17:30  Zergling x2  
  198  17:35  Baneling x8  
  199  17:41  Overlord x4  
  199  17:42  Overseer  
  197  17:54  Overlord x2  
  193  18:01  Zergling x18  
  198  18:07  Hatchery  
  198  18:08  Zergling x10  
  198  18:15  Baneling x2  
  198  18:16  Zergling x10  
  195  18:27  Zergling x2  
  195  18:28  Zergling x6  
  195  18:30  Baneling x6  
  195  18:31  Infestor  
  195  18:34  Drone x2  
  200  18:43  Zerg Flyer Weapons Level 2  
  200  18:46  Spore Crawler, Drone  
  200  18:48  Baneling x4  
  198  18:56  Ultralisk, Zergling x4  
  198  19:05  Zergling x8  
  191  19:13  Zergling x36  
  183  19:21  Corruptor x3  
  180  19:26  Zergling x2  
  180  19:27  Zergling x6  
  180  19:30  Baneling  
  177  19:35  Hatchery  
  177  19:36  Zergling x6  
  178  19:41  Corruptor  
  178  19:46  Zergling x10  
  178  19:47  Zergling x2  
  178  19:52  Zergling x10  
  179  19:57  Drone x9  
  174  20:03  Zergling x2  
  174  20:04  Zergling x12  
  172  20:14  Zergling x2  
  172  20:15  Zergling x14  
  178  20:22  Baneling  
  175  20:30  Ultralisk, Zergling x12  
  175  20:34  Zergling x6  
  175  20:35  Zergling x4  
  175  20:51  Drone x4  
  175  20:55  Ultralisk, Zergling x10  
  187  20:58  Infestor  
  187  20:59  Infestor  
  187  21:02  Baneling x6, Hatchery  
  187  21:03  Baneling  
  190  21:09  Baneling x5  
  190  21:11  Zergling x12  
  187  21:19  Zergling x16  
  193  21:29  Zergling x6  
  193  21:30  Zergling x10  
  193  21:34  Baneling x4  
  193  21:38  Hatchery  
Tags
 
Add a new tag
Caveats
  • Supply blocks, unpowered buildings, or Contaminate may cause inaccurate times.
  • Supply counts are checked every 10 seconds.